Map: Neon Violet Square LE

Players

LiquidTLO (TLO)

  • Race: Zerg Zerg
  • Spawn Location: 11:00

BlueCheese - Winner!

  • Race: Terran Terran
  • Spawn Location: 5:00

Event: WCS Leipzig 2018

VOD

Have the link to the VOD?

Description

Time

  • Played on: Jan. 26, 2018, 7:02 a.m.
  • Length: 16:02

All games in this series

Show
View Real Time Build Order
Export as new Build Order

LiquidTLO Zerg 

Build Orders: Hatch First 

Get SALT Encoding   

  12  0:00  Drone  
  13  0:12  Overlord  
  13  0:17  Drone  
  14  0:30  Drone x2  
  16  0:37  Drone  
  17  0:52  Hatchery  
  16  0:59  Drone  
  16  1:03  Drone  
  18  1:05  Extractor  
  17  1:15  Spawning Pool  
  17  1:18  Drone  
  17  1:22  Drone  
  18  1:28  Drone  
  19  1:40  Overlord  
  19  1:50  Drone  
  20  2:00  Drone  
  21  2:01  Queen  
  21  2:04  Queen  
  21  2:05  Drone  
  26  2:11  Metabolic Boost  
  26  2:14  Zergling x2  
  27  2:17  Drone  
  27  2:22  Drone  
  29  2:25  Drone  
  30  2:36  Drone  
  31  2:37  Drone  
  31  2:43  Hatchery  
  31  2:44  Zergling x2  
  31  2:50  Overlord  
  32  2:55  Queen  
  34  3:02  Drone  
  34  3:03  Overlord  
  35  3:08  Zergling x2  
  35  3:09  Drone  
  35  3:10  Drone  
  35  3:12  Drone  
  39  3:13  Drone  
  39  3:16  Drone  
  39  3:18  Drone x2  
  43  3:20  Drone  
  43  3:22  Drone  
  44  3:30  Drone  
  44  3:31  Queen  
  47  3:36  Queen  
  47  3:39  Overlord  
  49  3:43  Zergling x2  
  49  3:44  Drone  
  49  3:46  Overlord  
  51  3:51  Baneling Nest  
  50  3:56  Drone  
  50  3:58  Overlord  
  50  3:59  Drone x3  
  50  4:02  Drone  
  55  4:07  Drone  
  55  4:08  Drone x2  
  58  4:14  Zergling x6  
  61  4:18  Drone x2  
  64  4:24  Drone  
  64  4:27  Drone  
  64  4:28  Drone  
  64  4:30  Spore Crawler  
  64  4:31  Spore Crawler  
  64  4:33  Spore Crawler  
  64  4:34  Drone  
  64  4:36  Baneling x3  
  64  4:37  Baneling, Drone  
  64  4:38  Spore Crawler  
  63  4:39  Drone  
  63  4:42  Drone  
  63  4:43  Drone, Extractor  
  63  4:45  Drone  
  66  4:48  Drone, Zergling x2  
  66  4:50  Drone x2  
  66  4:51  Drone  
  71  4:54  Zergling x2  
  72  5:00  Hatchery  
  72  5:01  Overlord  
  72  5:03  Drone x2  
  72  5:06  Zergling x2  
  73  5:07  Zergling x2  
  73  5:09  Overlord  
  73  5:14  Drone, Evolution Chamber  
  74  5:15  Drone  
  74  5:16  Evolution Chamber  
  74  5:18  Drone  
  74  5:19  Drone  
  74  5:21  Drone x3  
  77  5:22  Drone  
  77  5:26  Drone  
  77  5:28  Drone  
  82  5:29  Drone  
  82  5:30  Drone, Extractor  
  82  5:31  Lair  
  82  5:33  Drone  
  82  5:35  Drone  
  85  5:41  Drone x4  
  89  5:43  Zergling x2  
  89  5:45  Zergling x2  
  89  5:47  Drone, Zergling x4  
  92  5:54  Zerg Ground Armor Level 1, Zerg Melee Weapons Level 1  
  92  5:56  Extractor  
  90  5:57  Drone, Extractor  
  90  5:58  Drone, Extractor  
  90  6:00  Zergling x2  
  90  6:01  Zergling x4  
  90  6:03  Zergling x2  
  93  6:05  Zergling x2  
  93  6:07  Zergling x2  
  93  6:10  Hatchery  
  94  6:15  Drone  
  94  6:17  Zergling x2, Overlord  
  96  6:18  Drone x2  
  96  6:20  Drone  
  96  6:21  Spine Crawler  
  96  6:23  Drone, Queen  
  101  6:30  Drone, Zergling x2  
  101  6:31  Centrifical Hooks  
  103  6:34  Zergling x2  
  103  6:35  Hydralisk Den, Infestation Pit  
  103  6:38  Zergling x4  
  103  6:39  Zergling x2  
  106  6:40  Zergling x4  
  106  6:41  Overlord, Evolution Chamber  
  106  6:45  Zergling x12  
  106  6:46  Baneling x4  
  112  6:50  Overlord x2  
  112  6:55  Spore Crawler, Overlord  
  112  6:57  Overlord  
  112  7:01  Overlord  
  110  7:02  Overlord x2  
  110  7:08  Zergling x4  
  111  7:10  Zergling x4  
  111  7:13  Zergling x2  
  111  7:15  Drone, Zergling x2  
  108  7:17  Drone  
  108  7:19  Drone  
  108  7:20  Drone x2  
  108  7:21  Drone x2  
  101  7:23  Drone, Hive  
  101  7:24  Zergling x4  
  101  7:26  Baneling x9  
  101  7:29  Zergling x8  
  109  7:30  Zergling x2  
  109  7:34  Zerg Missile Weapons Level 1  
  109  7:35  Hydralisk, Muscular Augments  
  111  7:37  Hydralisk  
  111  7:41  Baneling x2, Spore Crawler  
  112  7:46  Hydralisk x2  
  112  7:47  Hydralisk  
  118  7:53  Zerg Ground Armor Level 2  
  118  7:57  Hydralisk x3  
  124  7:59  Zergling x2  
  124  8:03  Zergling x2  
  124  8:04  Zergling x12  
  124  8:05  Zergling x4  
  129  8:06  Zergling x4  
  129  8:09  Zergling x2  
  129  8:10  Zergling x2  
  134  8:13  Zergling x2  
  134  8:14  Zergling x2  
  134  8:17  Zergling x4  
  138  8:24  Overlord  
  138  8:27  Overseer  
  138  8:30  Baneling x2  
  138  8:31  Overlord  
  138  8:35  Hatchery, Zergling x6  
  138  8:36  Zergling x2  
  138  8:38  Zergling x2  
  138  8:39  Zergling x4  
  138  8:40  Zergling x2  
  144  8:41  Zergling x2  
  144  8:45  Drone, Viper x2  
  144  8:46  Ultralisk Cavern  
  149  8:48  Extractor  
  149  8:49  Drone, Evolution Chamber  
  149  8:50  Zergling x2  
  149  8:53  Zergling x2  
  149  8:55  Zergling x2  
  149  8:57  Zergling x2  
  149  8:58  Zergling x4  
  149  9:01  Zergling x4  
  149  9:02  Zergling x4  
  154  9:03  Zergling x2  
  154  9:09  Zergling x4  
  155  9:10  Zergling x2  
  155  9:11  Zergling x2  
  155  9:12  Zerg Melee Weapons Level 2  
  155  9:14  Zergling x2  
  155  9:15  Drone  
  159  9:18  Zergling x2  
  159  9:20  Zergling x2  
  159  9:21  Zergling x2  
  159  9:22  Hydralisk  
  163  9:26  Baneling x5  
  163  9:27  Hydralisk x4  
  163  9:31  Zerg Missile Weapons Level 2, Overlord  
  171  9:34  Zergling x2  
  171  9:35  Zergling x2, Hydralisk  
  171  9:38  Baneling  
  173  9:41  Zergling x2  
  162  9:47  Ultralisk  
  162  9:48  Hydralisk  
  165  9:59  Drone  
  152  10:01  Drone x2  
  152  10:05  Drone, Zergling x2  
  152  10:06  Drone x2  
  146  10:07  Drone x3  
  146  10:13  Hydralisk  
  151  10:16  Ultralisk x2  
  163  10:24  Zergling x4, Ultralisk Cavern  
  165  10:28  Drone x3  
  165  10:32  Drone, Extractor x2  
  165  10:35  Zergling x16, Extractor  
  172  10:38  Zerg Ground Armor Level 3  
  172  10:39  Zergling x2  
  172  10:42  Spine Crawler x2  
  172  10:43  Overlord  
  172  10:44  Overlord  
  172  10:48  Overseer, Overlord  
  172  10:55  Zergling x4  
  174  10:59  Overlord  
  174  11:02  Zergling x4  
  174  11:03  Overlord  
  175  11:04  Zergling x4  
  175  11:06  Zergling x2  
  175  11:07  Zergling x2  
  175  11:08  Zergling x2  
  175  11:09  Zergling x2  
  175  11:11  Chitinous Plating  
  170  11:12  Hydralisk x3  
  170  11:13  Hydralisk  
  170  11:15  Hydralisk  
  170  11:18  Hydralisk  
  160  11:23  Hydralisk  
  152  11:26  Hydralisk  
  144  11:38  Ultralisk  
  144  11:39  Zergling x2  
  141  11:44  Zergling x2  
  141  11:46  Zergling x2  
  142  11:47  Zergling x2  
  142  11:48  Zergling x4  
  142  11:50  Zergling x4  
  142  11:52  Zergling x2  
  142  11:53  Zergling x2  
  145  11:55  Hydralisk  
  145  11:57  Zergling x2  
  145  11:59  Zergling x4  
  128  12:05  Drone x2  
  128  12:06  Drone x2  
  128  12:07  Drone  
  133  12:17  Drone  
  133  12:19  Ultralisk  
  139  12:24  Drone x2  
  139  12:26  Drone  
  139  12:27  Drone  
  140  12:36  Ultralisk, Drone  
  147  12:39  Drone  
  148  12:50  Drone  
  149  12:52  Hatchery  
  149  12:56  Zerg Melee Weapons Level 3  
  148  13:03  Overlord x2  
  148  13:05  Overlord  
  147  13:14  Overlord  
  140  13:25  Ultralisk x2  
  140  13:27  Ultralisk  
  158  13:32  Zergling x10  
  155  13:34  Zergling x2  
  155  13:35  Zergling x2  
  155  13:37  Zergling x2  
  155  13:38  Drone  
  159  13:50  Overlord  
  159  13:53  Zergling x2  
  159  13:54  Zergling x2  
  154  13:57  Hatchery  
  137  14:15  Drone x2  
  137  14:16  Zergling x4  
  133  14:18  Zergling x4  
  133  14:19  Zergling x2  
  133  14:20  Zergling x2  
  133  14:21  Zergling x2  
  133  14:22  Zergling x4  
  133  14:23  Zergling x2  
  128  14:25  Zergling x2  
  128  14:29  Ultralisk  
  129  14:41  Baneling x7  
  129  14:42  Overseer  
  129  14:45  Drone x3  
  131  14:52  Ultralisk  
  138  14:55  Zergling x2  
  138  14:58  Zergling x2  
  138  14:59  Extractor  
  139  15:14  Overlord  
  139  15:16  Ultralisk  
  139  15:17  Overlord  
  139  15:19  Overlord  
  139  15:20  Overlord  
  143  15:27  Zergling x4  
  143  15:28  Zergling x2  
  146  15:29  Zergling x2  
Show
View Real Time Build Order
Export as new Build Order

BlueCheese Terran - Winner!

Build Orders: Reaper Expand, MMM Bio 

Get SALT Encoding   

  12  0:00  SCV  
  13  0:12  SCV  
  14  0:19  Supply Depot  
  14  0:24  SCV  
  15  0:40  SCV  
  15  0:42  Barracks  
  16  0:46  Refinery  
  16  0:53  SCV  
  17  1:05  SCV  
  18  1:17  SCV  
  19  1:30  Orbital Command, Reaper  
  20  1:42  Command Center  
  20  1:52  Supply Depot  
  20  1:56  SCV  
  21  2:02  Marine  
  21  2:08  SCV  
  23  2:16  Factory  
  23  2:20  SCV  
  24  2:24  Barracks Reactor  
  24  2:32  SCV  
  25  2:44  SCV  
  25  2:46  Command Center  
  26  2:55  Orbital Command  
  26  2:56  SCV  
  27  3:07  Hellion  
  27  3:08  Hellion, SCV  
  32  3:20  SCV, Barracks  
  32  3:22  SCV  
  32  3:25  Barracks Tech Lab  
  34  3:29  Hellion  
  34  3:33  Hellion  
  38  3:35  SCV  
  38  3:37  SCV  
  40  3:44  Marine  
  40  3:47  SCV  
  42  3:49  Refinery, SCV, Stimpack  
  43  3:59  SCV  
  43  4:01  SCV  
  44  4:07  Marine  
  44  4:09  Orbital Command, Barracks  
  45  4:12  SCV  
  45  4:13  SCV, Factory Reactor  
  47  4:19  Marine x2  
  47  4:24  SCV  
  50  4:25  SCV  
  50  4:26  Engineering Bay  
  50  4:29  Engineering Bay  
  51  4:35  SCV  
  51  4:36  SCV, Supply Depot  
  51  4:37  SCV  
  51  4:38  Marine x2  
  54  4:40  Supply Depot, Marine  
  57  4:48  SCV x2  
  59  4:56  Marine x2  
  59  4:58  SCV, Starport, Factory Reactor  
  62  5:00  SCV, Terran Infantry Weapons Level 1, Terran Infantry Armor Level 1  
  62  5:06  SCV, Supply Depot  
  64  5:11  SCV, Supply Depot  
  64  5:12  SCV  
  64  5:13  Marine x3  
  64  5:14  Marine x2  
  69  5:19  SCV  
  70  5:22  Refinery  
  70  5:23  SCV  
  70  5:24  SCV  
  70  5:25  Refinery  
  72  5:31  Marine x4  
  72  5:32  Marine  
  72  5:34  Supply Depot  
  77  5:47  SCV x3  
  77  5:49  Marine x5  
  82  5:50  Medivac x2  
  82  5:51  Barracks  
  82  5:52  Barracks  
  85  5:57  Factory Reactor  
  85  5:59  SCV x3  
  85  6:01  Supply Depot  
  85  6:03  Supply Depot  
  88  6:05  Supply Depot  
  88  6:06  Marine  
  88  6:07  Marine  
  88  6:08  Marine x2  
  88  6:09  Supply Depot, Marine  
  88  6:11  SCV  
  94  6:17  SCV x2  
  96  6:23  SCV  
  96  6:24  Supply Depot, Marine x2  
  96  6:25  Medivac x2  
  103  6:26  Marine x2  
  103  6:27  Armory  
  105  6:34  Supply Depot  
  105  6:36  SCV  
  105  6:37  Supply Depot x2  
  105  6:41  Barracks Reactor x2  
  105  6:42  Marine x3  
  105  6:44  Marine  
  105  6:45  SCV x2  
  109  6:47  Widow Mine  
  109  6:48  Widow Mine  
  113  6:54  Supply Depot  
  113  6:55  Marine  
  114  7:02  Marine x2  
  114  7:03  Marine x2  
  114  7:07  Medivac x2  
  122  7:13  Marine  
  122  7:20  Marine x3  
  122  7:21  Marine x2  
  122  7:22  Marine x3  
  112  7:24  Barracks  
  112  7:27  Terran Infantry Weapons Level 2, Terran Infantry Armor Level 2  
  112  7:28  Barracks  
  112  7:31  Marine  
  113  7:38  Marine x4  
  113  7:39  Marine  
  113  7:40  Marine  
  113  7:44  SCV x3  
  123  7:47  Command Center  
  123  7:48  Marine  
  125  7:54  Widow Mine x2  
  125  7:56  Marine x4  
  125  7:57  Marine  
  132  7:59  Marine  
  132  8:01  Supply Depot  
  132  8:03  Barracks Reactor  
  133  8:06  Marine  
  133  8:14  Marine x4  
  133  8:15  Marine  
  133  8:16  Barracks Tech Lab  
  133  8:17  Medivac x2, Marine  
  133  8:18  Widow Mine  
  133  8:19  Widow Mine  
  145  8:21  SCV x3  
  145  8:22  Supply Depot, Combat Shields  
  145  8:23  Supply Depot x2  
  145  8:24  Marine  
  149  8:31  Marine  
  149  8:32  Marine x3  
  153  8:40  Widow Mine x2  
  147  8:45  Marine, Marauder  
  147  8:46  Marine x2  
  149  8:50  Marauder  
  149  8:55  Marine x3  
  152  9:01  Widow Mine x2, Marine x2  
  152  9:03  Marine x2  
  152  9:05  Marine  
  152  9:07  Marauder  
  157  9:10  Orbital Command  
  157  9:12  Marauder  
  157  9:13  Marine x3  
  160  9:19  Marine x2  
  160  9:20  Marine  
  160  9:21  Marine  
  160  9:22  Marine  
  160  9:23  Widow Mine x2  
  169  9:28  Marauder  
  169  9:30  Marine  
  169  9:31  Marine x2  
  174  9:33  Marauder  
  174  9:37  Marine x2  
  170  9:38  Marine  
  170  9:39  Marine  
  170  9:40  Marine  
  170  9:44  Widow Mine x2  
  169  9:48  Marine x2  
  169  9:49  Marine, Marauder  
  163  9:53  Medivac x2  
  163  9:54  Marauder  
  163  9:55  Terran Infantry Weapons Level 3, Marine x2  
  163  9:56  Marine  
  163  9:57  Marine  
  163  9:58  Marine  
  174  10:06  Marine x3  
  165  10:11  Marauder  
  165  10:13  Marine x2  
  165  10:14  Marine  
  159  10:15  Marine  
  159  10:16  Marauder, Marine  
  159  10:18  Widow Mine x2  
  166  10:24  Marine  
  165  10:31  Marine x3  
  165  10:32  Marine, Marauder  
  165  10:35  Terran Vehicle And Ship Armor Level 1, Terran Infantry Armor Level 3  
  169  10:37  Marauder  
  169  10:39  Marine x3  
  169  10:42  Marine  
  175  10:44  Barracks  
  175  10:45  Barracks x2  
  175  10:49  Marine  
  176  10:52  Marine x2  
  176  10:54  Marauder  
  180  10:58  Marauder  
  180  11:01  Marine  
  180  11:02  Marine  
  180  11:03  Widow Mine x2  
  188  11:07  Medivac x2, Marine x3  
  191  11:15  Marauder  
  189  11:20  Marauder  
  189  11:24  Marine x3  
  183  11:30  Marine x2  
  178  11:36  Marauder  
  178  11:37  Barracks Tech Lab x2, Medivac x2  
  162  11:41  Marauder  
  162  11:44  Marine x3  
  161  11:51  Marine x5  
  144  11:58  Marauder  
  123  12:02  Marine x3  
  123  12:03  Marauder  
  123  12:07  Barracks Tech Lab  
  123  12:08  Medivac x2, Marauder x2  
  132  12:09  Marine x5  
  132  12:11  Widow Mine x2  
  132  12:15  Refinery x2  
  141  12:16  Refinery x2  
  141  12:19  Marauder, Marine x2  
  141  12:20  Marine  
  146  12:24  Marauder  
  146  12:26  Marine x2  
  146  12:27  Marine x3  
  146  12:29  Marauder x2  
  147  12:35  Marine  
  148  12:37  Marine x2  
  148  12:38  Medivac, Marine  
  148  12:40  Marauder  
  155  12:44  Marine x3  
  155  12:45  Marine x2, Marauder  
  155  12:51  Marauder x2  
  166  12:54  Command Center, Marauder  
  166  12:55  Marine x2  
  166  12:56  Marine  
  171  13:02  Marauder, Marine x4  
  171  13:03  Marine  
  178  13:07  Marauder  
  178  13:12  Marine, Marauder  
  183  13:13  Marine x3  
  183  13:15  Marauder  
  188  13:20  Marine x2  
  188  13:23  Marauder  
  189  13:28  Marauder  
  189  13:30  Marauder  
  189  13:31  Marine  
  189  13:34  Marauder  
  187  13:36  Marauder  
  187  13:39  Marine  
  187  13:40  Medivac, Marine  
  190  13:45  Marauder  
  192  13:50  Marauder  
  192  13:51  Marauder  
  192  13:55  Marauder  
  190  13:58  Marauder  
  191  14:03  Medivac  
  191  14:06  Marauder  
  183  14:10  Medivac  
  183  14:11  Marauder  
  183  14:13  Marauder  
  183  14:16  Marauder  
  166  14:19  Marauder  
  166  14:20  Marine  
  140  14:27  Marauder  
  140  14:28  Marine x4  
  140  14:29  Planetary Fortress, Marine x2  
  137  14:32  Marauder  
  137  14:34  Marauder  
  137  14:38  Marauder  
  143  14:39  Marine  
  143  14:40  Marine x2  
  143  14:41  Medivac  
  148  14:46  Marine x3  
  148  14:49  Marauder, Marine x3  
  156  14:54  Marauder  
  156  14:55  Marauder  
  156  14:57  Marine x2  
  156  14:58  Orbital Command, Marine  
  156  14:59  Marine  
  164  15:04  Marine x3  
  164  15:06  Widow Mine  
  169  15:07  Marine x3  
  169  15:13  Marine  
  173  15:14  Marine  
  173  15:15  Marine x2  
  173  15:16  Marine x2  
  173  15:18  Marine  
  179  15:21  Marine  
  179  15:22  Marine x2  
  179  15:25  Marine  
  182  15:31  Marine x3  
  182  15:33  Marine x2, Marauder  
  182  15:34  Marauder  
  181  15:39  Marine x3  
  154  15:44  Marine  
Tags
 
Add a new tag
Caveats
  • Supply blocks, unpowered buildings, or Contaminate may cause inaccurate times.
  • Supply counts are checked every 10 seconds.